 Dungeon Crawl Stone Soup version 0.20.1-1-g8b1a95d (webtiles) character file.

70 Jazqa the Slasher (level 4, -2/34 HPs)
             Began as a Demonspawn Gladiator on Oct 31, 2017.
             Slain by a worm (8 damage)
             ... on level 2 of the Dungeon.
             The game lasted 00:01:01 (561 turns).

Jazqa the Slasher (Demonspawn Gladiator)             Turns: 561, Time: 00:01:02

Health: -2/34      AC:  4    Str: 15    XL:     4   Next: 4%
Magic:  4/4        EV: 13    Int:  9    God:
Gold:   68         SH:  0    Dex: 15    Spells: 3/3 levels left

rFire    . . .     SeeInvis .   a - +0 long sword
rCold    . . .     Gourm    .   (no shield)
rNeg     . . .     Faith    .   b - +0 leather armour
rPois    .         Spirit   .   c - +0 helmet
rElec    .         Reflect  .   (no cloak)
rCorr    .         Harm     .   (no gloves)
MR       .....                  (no boots)
Stlth    +.........             (no amulet)
Regen    0.2/turn               (no ring)
MPRegen  0.1/turn               (no ring)

@: no status effects
A: spiny 2
a: no special abilities


You were on level 2 of the Dungeon.
You were not hungry.

You visited 1 branch of the dungeon, and saw 2 of its levels.

You collected 68 gold pieces.


Innate Abilities, Weirdness & Mutations

You are mostly covered in sharp spines.


   Skills:
 + Level 2.5 Fighting
 + Level 3.6 Long Blades
 - Level 1.7 Throwing
 + Level 3.3 Dodging


You had 3 spell levels left.
You didn't know any spells.

Inventory:

Hand Weapons
 a - a +0 long sword (weapon)
Missiles
 d - 3 throwing nets {=f}
Armour
 b - a +0 leather armour (worn)
 c - a +0 helmet (worn)
Scrolls
 l - 2 scrolls of magic mapping {unknown}
 m - a scroll of identify {unknown}
Potions
 e - 2 potions of heal wounds {unknown}
 g - a potion of flight {unknown}
 h - a potion of brilliance {unknown}
 j - a potion of haste {unknown}
 k - a potion of curing {@q1}
Comestibles
 f - 2 bread rations {@e1}
 i - 7 chunks of flesh

Dungeon Overview and Level Annotations

Branches:
Dungeon (2/15)

Altars:

#....######. #....#
### #.)..# ..# ###)##
######.#####)##
#<...#.#...)..#
####.#.#).....#
#.............######
#....#........@w...#
#######........####.#
#........#.....#
#.####...#.###.#
#..#...#.# #.#
#......#.# #..
##.#####.# #### ...
..# ### ##


You could see a worm.


Message History

Things that are here:
a club; a dagger You butcher the goblin corpse.
i - 7 chunks of flesh (gained 2)
m - a scroll labeled CAMOKA ASELUX Unknown command.
Items here: ))) [[[
There is an open door, spattered with blood here.
Items here: ( ))) a club; a hunting sling; 20 stones; a club
Things that are here:
a dagger; a hunting sling; 15 stones You open the door.
A worm comes into view.
Unknown command.
A worm is nearby!
A worm is nearby!
Unknown command.
A worm is nearby!
There is an open door here.
You completely miss the worm. The worm bites you!
* * * LOW HITPOINT WARNING * * *
You hit the worm.
The worm is lightly wounded.
The worm barely misses you.
You riposte.
You barely miss the worm.
The worm is lightly wounded.
You hit the worm.
The worm is lightly wounded.
The worm is struck by your spines. The worm bites you!
You die...

Skill      XL: |  1  2 |
---------------+-------+-----
Long Blades    | 3 |  3.6
Dodging        | 3 |  3.3
Fighting       | |  2.5
Throwing       | |  1.7

Action                   |  1- 3 |  4- 6 || total
-------------------------+-------+-------++-------
Melee: Long sword        |    58 |     3 ||    61
  Use: Potion            |     1 |       ||     1
Armor: Leather armour    |    28 |       ||    28
Dodge: Dodged            |    65 |     1 ||    66
       Rpst.: Long sword |    21 |     1 ||    22

Vault maps used:
D:1:      enne_arrival_octagon_isle
D:2:      kennysheep_the_goblin_king, minmay_misc_feat_alley,
          minmay_tiny_reverse_x, uniq_robin, uniq_terence

Notes
Turn   | Place    | Note
-------+----------+-------------------------------------------
     0 | D:1      | Jazqa the Demonspawn Gladiator began the quest for the Orb.
     0 | D:1      | Reached XP level 1. HP: 16/16 MP: 1/1
    46 | D:1      | Reached skill level 3 in Long Blades
   220 | D:1      | Gained mutation: You are partially covered in sharp spines. [demonic ancestry]
   220 | D:1      | Reached XP level 2. HP: 21/22 MP: 2/2
   286 | D:1      | Reached skill level 3 in Dodging
   517 | D:2      | Noticed Robin
   518 | D:2      | Noticed Terence
   520 | D:2      | Gained mutation: You are mostly covered in sharp spines. [demonic ancestry]
   520 | D:2      | Reached XP level 3. HP: 17/27 MP: 3/3
   528 | D:2      | Killed Terence
   537 | D:2      | HP: 1/28 [Robin/whip (5)]
   539 | D:2      | Killed Robin
   539 | D:2      | Reached XP level 4. HP: 13/34 MP: 4/4
   561 | D:2      | Slain by a worm

Vanquished Creatures
  Terence (D:2)
  Robin (D:2)
  A dart slug (D:1)
  A ball python (D:1)
  5 bats (D:1)
  8 goblins (D:2)
  6 hobgoblins
  2 jackals (D:1)
  A quokka (D:2)
  2 frilled lizards
  6 rats
34 creatures vanquished.
